Map: Oxide LE

Players

LiquidClem (Clem)

  • Race: Terran Terran
  • League: Bronze

cure - Winner!

  • Race: Terran Terran

Event: TSL 7

VOD

Have the link to the VOD?

Description

Time

  • Played on: June 19, 2021, 11 a.m.
  • Length: 9:15

All games in this series

Show
View Real Time Build Order
Export as new Build Order

LiquidClem Terran 

Build Orders: Cyclone Opening 

Get SALT Encoding   

  12  0:00  SCV  
  13  0:12  SCV  
  14  0:17  Supply Depot  
  14  0:24  SCV  
  15  0:38  SCV  
  15  0:40  Barracks  
  16  0:44  Refinery  
  16  0:50  SCV  
  16  0:54  Refinery  
  17  1:03  SCV  
  18  1:15  SCV  
  19  1:27  Reaper, Orbital Command  
  19  1:28  Supply Depot  
  20  1:41  Factory  
  20  1:53  SCV  
  22  2:05  SCV  
  22  2:06  Barracks Tech Lab  
  22  2:17  SCV  
  23  2:25  Command Center  
  23  2:29  SCV  
  24  2:34  Marine  
  24  2:36  Cyclone  
  28  2:42  SCV  
  28  2:43  Starport  
  29  2:47  Supply Depot  
  29  2:51  Marine  
  29  2:54  SCV  
  31  3:08  SCV, Cyclone  
  31  3:12  Marine  
  36  3:20  SCV, Medivac  
  36  3:21  Refinery  
  39  3:33  Barracks Reactor  
  39  3:37  Orbital Command, SCV  
  40  3:46  Supply Depot  
  40  3:49  SCV  
  40  3:50  Siege Tank  
  40  3:54  Starport Tech Lab  
  44  4:01  SCV, Supply Depot  
  44  4:02  SCV  
  46  4:09  Marine x2  
  46  4:13  SCV  
  46  4:14  SCV  
  50  4:21  Raven  
  52  4:24  Supply Depot  
  52  4:25  SCV  
  52  4:27  SCV  
  52  4:28  Marine x2  
  53  4:37  SCV  
  53  4:38  Siege Tank  
  57  4:39  SCV  
  58  4:46  Marine x2  
  58  4:49  SCV  
  58  4:51  SCV  
  52  5:01  SCV  
  52  5:03  SCV  
  54  5:09  Command Center  
  54  5:14  Viking x2  
  54  5:17  SCV  
  54  5:21  Siege Tank  
  62  5:23  SCV  
  62  5:26  Supply Depot  
  62  5:27  Marine  
  64  5:31  SCV  
  65  5:35  SCV  
  66  5:43  Refinery, SCV  
  66  5:44  Viking  
  66  5:46  Viking  
  66  5:47  Marine  
  66  5:48  SCV  
  73  5:54  Siege Tank  
  73  5:55  SCV  
  77  5:59  Supply Depot  
  77  6:00  SCV  
  78  6:05  Marine  
  78  6:07  SCV  
  80  6:12  Stimpack  
  80  6:14  SCV  
  80  6:15  Viking  
  83  6:19  Viking  
  83  6:21  Supply Depot  
  83  6:23  SCV, Marine  
  87  6:26  SCV  
  87  6:31  Siege Tank, Supply Depot  
  91  6:36  SCV  
  91  6:39  SCV  
  92  6:41  Marine  
  92  6:47  Orbital Command, Viking  
  94  6:50  SCV  
  94  6:52  Viking  
  96  6:58  Marine  
  98  7:01  SCV  
  98  7:02  Supply Depot  
  98  7:04  SCV  
  98  7:07  Siege Tank  
  102  7:10  Barracks x2  
  101  7:16  Marine  
  101  7:19  Liberator  
  101  7:22  SCV, Viking  
  101  7:31  Orbital Command  
  101  7:34  SCV, Marine  
  103  7:42  Siege Tank  
  106  7:45  SCV  
  104  7:52  Combat Shield  
  104  7:53  SCV  
  104  7:55  Barracks, Marine  
  104  7:56  Barracks  
  104  7:57  SCV  
  108  7:58  SCV, Marine  
  104  8:06  Marine  
  104  8:07  Viking x2  
  104  8:12  SCV, Marine  
  103  8:16  Marine  
  103  8:18  SCV  
  103  8:19  SCV  
  104  8:24  SCV, Marine  
  106  8:30  Marine  
  106  8:34  Marine  
  97  8:35  Siege Tank  
  97  8:37  SCV  
  97  8:41  Medivac x2  
  90  8:42  Marine  
  90  8:46  SCV  
  90  8:48  SCV, Marine  
  87  8:49  SCV  
  87  8:52  Marine  
  86  8:58  SCV  
Show
View Real Time Build Order
Export as new Build Order

cure Terran - Winner!

Build Orders:  

Get SALT Encoding   

  12  0:00  SCV  
  13  0:12  SCV  
  14  0:17  Supply Depot  
  14  0:24  SCV  
  15  0:38  SCV  
  15  0:39  Barracks  
  15  0:42  Refinery  
  16  0:50  SCV  
  16  0:52  Refinery  
  17  1:02  SCV  
  18  1:15  SCV  
  19  1:26  Reaper  
  19  1:27  Orbital Command  
  19  1:28  Supply Depot  
  20  1:41  Factory  
  20  1:52  SCV  
  21  1:59  Reaper  
  22  2:05  SCV  
  23  2:17  SCV  
  24  2:23  Command Center  
  24  2:28  Hellion  
  26  2:31  SCV  
  26  2:32  Barracks Reactor  
  27  2:40  Supply Depot  
  27  2:43  SCV  
  28  2:49  Starport  
  28  2:53  Widow Mine  
  28  2:56  SCV  
  31  3:08  SCV, Marine x2  
  34  3:15  Factory Tech Lab  
  34  3:17  Refinery  
  34  3:21  SCV  
  34  3:26  Medivac  
  37  3:28  Marine x2  
  39  3:34  SCV, Orbital Command  
  43  3:41  Siege Tank  
  43  3:46  SCV  
  43  3:48  Marine  
  45  3:49  Marine  
  45  3:54  Supply Depot  
  46  3:56  Starport Tech Lab  
  46  4:00  SCV x2  
  48  4:06  Marine x2  
  50  4:12  SCV x2  
  50  4:16  Cyclone  
  55  4:19  Raven  
  55  4:23  Supply Depot  
  57  4:25  SCV  
  57  4:29  Marine  
  57  4:30  Marine  
  60  4:37  SCV  
  60  4:38  SCV  
  60  4:46  Supply Depot  
  60  4:47  Marine x2  
  60  4:49  SCV  
  60  4:50  SCV  
  61  4:55  Siege Tank  
  61  4:59  Supply Depot  
  61  5:02  Raven  
  61  5:05  SCV x2, Marine x2  
  67  5:14  Command Center  
  67  5:20  SCV x2  
  69  5:23  Marine x2  
  71  5:28  Siege Tank  
  71  5:35  SCV x2  
  76  5:40  Supply Depot  
  76  5:41  Refinery  
  76  5:47  SCV x2  
  78  5:53  Marine  
  78  5:54  Viking x2  
  83  5:57  Supply Depot  
  83  5:58  Stimpack  
  83  5:59  SCV x2  
  83  6:03  Siege Tank  
  88  6:10  Barracks  
  88  6:11  SCV x2, Barracks  
  88  6:18  Engineering Bay  
  90  6:19  Engineering Bay  
  90  6:22  Marine  
  91  6:28  Viking x2  
  91  6:30  Orbital Command  
  95  6:33  SCV  
  96  6:40  Siege Tank  
  96  6:46  SCV  
  100  6:47  SCV  
  100  6:50  Marine  
  100  6:53  Orbital Command  
  102  6:58  Barracks Reactor x2  
  102  6:59  Terran Infantry Armor Level 1, Terran Infantry Weapons Level 1  
  97  7:02  SCV  
  97  7:03  SCV  
  97  7:04  Viking x2  
  103  7:14  Marine  
  101  7:29  SCV x2  
  103  7:30  SCV  
  103  7:32  Supply Depot  
  103  7:33  Supply Depot  
  103  7:34  Viking x2  
  108  7:42  SCV x3  
  109  7:48  Marine x5  
  109  7:49  Siege Tank  
  112  7:54  SCV x3  
  114  7:59  Barracks  
  114  8:01  Barracks  
  114  8:04  Medivac x2  
  118  8:07  Marine x2  
  118  8:08  Marine x3  
  119  8:15  SCV x3  
  119  8:17  Supply Depot x2  
  120  8:24  Siege Tank  
  120  8:25  Marine x3  
  122  8:27  SCV x2  
  122  8:28  SCV  
  122  8:30  Marine x2  
  126  8:34  Medivac  
  121  8:43  Marine x2  
  121  8:44  Medivac  
  121  8:45  SCV x2  
  121  8:46  SCV  
  121  8:48  Refinery x2, Armory  
  123  8:49  Barracks Reactor x2  
  123  8:54  Marine x3  
Tags
 
Event
TSL 7
League
Bronze
Matchup
TvT
Player
ClemCure
Race
Terran
Add a new tag
Caveats
  • Supply blocks, unpowered buildings, or Contaminate may cause inaccurate times.
  • Supply counts are checked every 10 seconds.